 Dungeon Crawl Stone Soup version 0.29.1-15-g9cfb28693d (webtiles) character file.

Game seed: 12170334405094787863

21 H0rd4k the Charlatan (level 2, 0/19 HPs)
             Began as an Octopode Artificer on Mar 2, 2023.
             Slain by a worm (8 damage)
             ... on level 2 of the Dungeon.
             The game lasted 00:00:40 (1315 turns).

H0rd4k the Charlatan (Octopode Artificer)           Turns: 1315, Time: 00:00:40

Health: 0/19       AC:  1    Str: 11    XL:     2   Next: 87%
Magic:  3/3        EV: 13    Int: 13    God:
Gold:   92         SH:  0    Dex: 12    Spells: 3/3 levels left

rFire   . . .      SeeInvis .   (no weapon)
rCold   . . .      Faith    .   (no shield)
rNeg    . . .      Spirit   .   (helmet restricted)
rPois   .          Reflect  .   (no amulet)
rElec   .          Harm     .   (no ring)
rCorr   .          Rampage  .   (no ring)
Will    .....                   (no ring)
Stlth   +++.......              (no ring)
HPRegen 0.06/turn               (no ring)
MPRegen 0.08/turn               (no ring)
                                (no ring)
                                (no ring)

@: no status effects
A: almost no armour, amphibious, 8 rings, camouflage 1, gelatinous body 1,
(nimble swimmer 1), tentacles
a: no special abilities


You were on level 2 of the Dungeon.
You visited 1 branch of the dungeon, and saw 2 of its levels.

You collected 92 gold pieces.

Inventory:

Jewellery
 g - a +6 ring of intelligence
 h - a ring of flight
Wands
 b - a wand of flame (15) (quivered)
 c - a wand of charming (15)
 d - a wand of iceblast (5)
Scrolls
 a - a scroll of summoning {unknown}
 e - 2 scrolls of immolation {unknown}
 i - a scroll of vulnerability {unknown}
Potions
 f - a potion of resistance {unknown}


   Skills:
 * Level 1.9 Fighting
 - Level 2.3 Dodging
 - Level 1.3 Stealth
 + Level 0.7 Unarmed Combat
 * Level 1.2 Spellcasting
 - Level 3.2 Evocations


You had 3 spell levels left.
You didn't know any spells.
Your spell library was empty.

Dungeon Overview and Level Annotations

Branches:
Dungeon (2/15)

Altars:


Innate Abilities, Weirdness & Mutations

You cannot wear most types of armour.
You are amphibious.
You can wear up to eight rings at the same time.
Your skin changes colour to match your surroundings (Stealth+).
Your rubbery body absorbs attacks. (AC +1, EV +1)
((You are camouflaged when in or above water. (Stealth+)))
You have tentacles for arms and can constrict up to eight enemies at once.


Message History

A rat is nearby!
You closely miss the rat. You grab the rat. You constrict the rat.
You kill the rat!
No target in view!
No target in view!
You see here a rat corpse.
No target in view!
A worm comes into view.
Found a scroll labelled XIUWNU FUHEI.
Found a stone staircase leading down.
A rat comes into view.
There are monsters nearby!
A worm is nearby!
A worm is nearby!
The worm closely misses you.
You tentacle-slap the worm but do no damage.
You grab the worm. You constrict the worm.
You tentacle-slap the worm but do no damage.
The worm is lightly wounded.
You constrict the worm. The worm closely misses you.
There are monsters nearby!
You tentacle-slap the worm.
The worm is moderately wounded.
You constrict the worm. The worm bites you!
Ouch! That really hurt!
There are monsters nearby!
You are too injured to fight recklessly!
There are monsters nearby!
You are too injured to fight recklessly!
There are monsters nearby!
You are too injured to fight recklessly!
There are monsters nearby!
You are too injured to fight recklessly!
You completely miss the worm.
The worm is moderately wounded.
You constrict the worm.
You tentacle-slap the worm but do no damage.
The worm is heavily wounded.
You constrict the worm. The worm bites you!
You die...

#.... #...# #...#
###...# ...?..####
### ..###...... ..#
......w..#####.#
#.@.r..##.#
#..>##.##.#####
##...##.##.#...##
........†.......##
###.####.##.......##
#. #.#...<.....# #.
#.r.........# ..
##..........#
#.#.......##


You could see a worm and a rat.

Vanquished Creatures
  A dart slug (D:1)
  3 ball pythons (D:1)
  2 endoplasms (D:1)
  3 giant cockroaches (D:1)
  A goblin (D:1)
  3 quokkas (D:1)
  A bat (D:1)
  2 kobolds (D:1)
  2 rats
18 creatures vanquished.

Notes
Turn   | Place    | Note
-------+----------+-------------------------------------------
     0 | D:1      | H0rd4k the Octopode Artificer began the quest for the Orb.
     0 | D:1      | Reached XP level 1. HP: 13/13 MP: 1/1
   189 | D:1      | Reached XP level 2. HP: 6/18 MP: 3/3
   398 | D:1      | Found a faded altar of an unknown god.
   853 | D:1      | Reached skill level 1 in Spellcasting
  1315 | D:2      | Slain by a worm

Illustrated notes

Levels and vault maps discovered:
D:1:      lightli_arrival_windingriver, layout_rooms, serial_aquarium,
          aquarium_bridge_straight [aquarium_subvault_bridge,
          aquarium_subvault_window, aquarium_subvault_bridge,
          aquarium_subvault_wall], aquarium_window_fake, aquarium_window_1,
          aquarium_window_2, aquarium_view_2b, aquarium_view_2c,
          aquarium_balcony_3b, hellmonk_ecumenical_altar_pennies_from_heaven,
          minivault_26
D:2:      layout_loops_cross, uniq_terence

Skill      XL: |  1  2 |
---------------+-------+-----
Spellcasting   | 1 |  1.2
Fighting       | |  1.9
Dodging        | |  2.3
Stealth        | |  1.3
Unarmed Combat | |  0.7
Evocations     | |  3.2

Action                   || total
-------------------------++-------
Melee: Unarmed           ||    51
       Tentacles         ||     6
       Constrict         ||    12
 Stab: Sleeping          ||     7
Armor: Skin              ||     4
Dodge: Dodged            ||    22
